 Dungeon Sprint DCSS version 0.20-a0-1122-gb7cbeb9 (webtiles) character file.

12600000 Kidiri the Conqueror (level 27, -3/273 HPs)
             Began as a Minotaur Gladiator on May 12, 2017.
             Was the Champion of Makhleb.
             Killed by divine providence
             ... invoked by an observer
              (13 damage)
             ... in the Dungeon (Sprint VIII: "Arena of Blood").
             The game lasted 00:07:51 (126 turns).

Kidiri the Conqueror (Minotaur Gladiator)            Turns: 126, Time: 00:07:52

Health: -3/273     AC:  6    Str: 21    XL:     27
Magic:  29/53      EV: 36    Int:  5    God:    Makhleb [******]
Gold:   0          SH:  0    Dex: 23    Spells: 80/80 levels left

rFire    + . .     SeeInvis .   l - +∞ Axe of Woe
rCold    . . .     Gourm    .   (shield currently unavailable)
rNeg     . . .     Faith    .   b - +0 leather armour
rPois    .         Spirit   .   c - +0 hat
rElec    .         Reflect  .   (no cloak)
rCorr    .         Harm     .   (no gloves)
MR       ++...     NoTele   +   (no boots)
Stlth    +++++++++.             (no amulet)
Regen    0.6/turn               m - ring of protection from fire
MPRegen  0.4/turn               (no ring)

@: slowed, very slow
A: retaliatory headbutt, horns 2
a: Minor Destruction, Lesser Servant of Makhleb, Major Destruction, Greater
Servant of Makhleb, Renounce Religion


You were in the Dungeon.
You worshipped Makhleb.
Makhleb was exalted by your worship.
You were not hungry.

You visited 1 branch

Inventory:

Hand Weapons
 a - a +0 war axe
 l - the +∞ Axe of Woe (weapon)
   (You found it in the Dungeon)
Missiles
 d - 3 throwing nets (quivered)
Armour
 b - a +0 leather armour (worn)
 c - a +0 hat (worn)
Jewellery
 m - a ring of protection from fire (left hand)
Scrolls
 k - a scroll of blinking
Potions
 e - a potion of curing
 g - a potion of heal wounds
 h - a potion of haste
 i - 2 potions of magic
 j - a potion of berserk rage
Comestibles
 f - a bread ration


   Skills:
 O Level 27 Fighting
 O Level 27 Axes
 O Level 27 Throwing
 O Level 27 Armour
 O Level 27 Dodging
 O Level 27 Stealth
 O Level 27 Unarmed Combat
 O Level 27 Spellcasting
 O Level 27 Invocations


You had 80 spell levels left.
You didn't know any spells.

Dungeon Overview and Level Annotations

Branches:
Dungeon (1/1)

Altars:
Makhleb

Annotations:
D The Captor, The Defiler


Innate Abilities, Weirdness & Mutations

You reflexively headbutt those who attack you in melee.
You have a pair of horns on your head.


Message History

You hear a shout! x2
The meat berserker misses you.
You hear a shout!
The dread moves out of view.
You hear a shout!
The eight-headed meat hydra calls on the powers of darkness!
The eight-headed meat hydra convulses!
The scourge convulses!
The bag of meat convulses!
The meat berserker convulses!
Your body is wracked with pain!
* * * LOW HITPOINT WARNING * * *
The fleshlord convulses!
The eight-headed meat hydra calls on the powers of darkness!
The eight-headed meat hydra convulses!
The meat berserker convulses!
Your body is wracked with pain!
* * * LOW HITPOINT WARNING * * *
The bag of meat convulses!
The Defiler convulses!
The scourge convulses!
The bag of meat convulses! x2; The fleshlord convulses!
The Captor convulses!
You feel something staring at you. Something smites you!
You die...

#....@ ..#. #....M
##...# #.o...###......
#...o#......DW........
#........#S.............
#...%..o..#........#...
#...D)).O2...#.....#....
#...§@2@..#......###....
#..L.#................##
#..))##))).)..#........_
#.))).#2))p)#.).....#...
#))SL).###))2..)....#_.<
#)))))##..O.#)).....#...
#))))#L.X.....#........_
#))..#{....X.......)..##
#................###....


You could see an accursed, 4 meat beasts, a tyrant, 2 eight-headed meat hydras,
a scourge, a fleshlord, a large abomination, The Defiler, The Captor, 2 meat
berserkers and 3 bags of meat.

Vanquished Creatures
  A hell knight (D)
  5 hell beasts (D)
  2 greater mummies (D)
  4 great orbs of eyes (D)
  3 wraiths (D)
  11 vampire knights (D)
  31 ogres (D)
  5 two-headed ogres (D)
  4 liches (D)
  A hydra (D)
  67 orcs (D)
  4 phantoms (D)
  5 skeletal warriors (D)
  4 large abominations (D)
  7 small abominations (D)
  6 crawling corpses (D)
160 creatures vanquished.

Vanquished Creatures (collateral kills)
  A small abomination (D)
1 creature vanquished.

Vanquished Creatures (others)
  3 orcs (D)
  12 crawling corpses (D)
15 creatures vanquished.

Grand Total: 176 creatures vanquished

Notes
Turn   | Place    | Note
-------+----------+-------------------------------------------
     0 | D        | Kidiri the Minotaur Gladiator began the quest for the Orb.
     0 | D        | Reached XP level 1. HP: 18/18 MP: 0/0
     4 | D        | Became a worshipper of Makhleb the Destroyer
     5 | D        | Noticed a bag of meat
     7 | D        | Noticed a bag of meat
     8 | D        | Killed a bag of meat
     8 | D        | Reached XP level 2. HP: 55/55 MP: 0/8
     8 | D        | Reached XP level 3. HP: 62/62 MP: 0/9
     8 | D        | Reached XP level 4. HP: 70/70 MP: 0/11
     8 | D        | Reached XP level 5. HP: 77/77 MP: 0/12
     8 | D        | Reached XP level 6. HP: 85/85 MP: 0/14
     8 | D        | Reached XP level 7. HP: 92/92 MP: 0/15
     8 | D        | Reached XP level 8. HP: 100/100 MP: 0/16
     8 | D        | Reached XP level 9. HP: 107/107 MP: 0/17
     8 | D        | Reached XP level 10. HP: 115/115 MP: 0/18
     8 | D        | Reached XP level 11. HP: 123/123 MP: 0/19
     9 | D        | Noticed a bag of meat
    10 | D        | Noticed a bag of meat
    11 | D        | Noticed a bag of meat
    11 | D        | Noticed a bag of meat
    11 | D        | Noticed a bag of meat
    12 | D        | Noticed a bag of meat
    12 | D        | Noticed a bag of meat
    12 | D        | Noticed a bag of meat
    13 | D        | Noticed a meat berserker
    13 | D        | Noticed a meat berserker
    14 | D        | Noticed a meat berserker
    15 | D        | Noticed a bag of meat
    15 | D        | Noticed a bag of meat
    15 | D        | Killed a bag of meat
    15 | D        | Reached * piety under Makhleb
    15 | D        | Reached skill level 15 in Dodging
    15 | D        | Reached XP level 12. HP: 95/137 MP: 1/21
    15 | D        | Killed a bag of meat
    15 | D        | Reached skill level 15 in Invocations
    15 | D        | Reached XP level 13. HP: 102/148 MP: 1/23
    15 | D        | Noticed a bag of meat
    15 | D        | Noticed a bag of meat
    16 | D        | Noticed a bag of meat
    16 | D        | Killed a meat berserker
    16 | D        | Reached XP level 14. HP: 97/165 MP: 1/25
    16 | D        | Killed a bag of meat
    16 | D        | Reached ** piety under Makhleb
    16 | D        | Reached skill level 27 in Fighting
    16 | D        | Reached XP level 15. HP: 102/174 MP: 1/27
    17 | D        | Noticed a meat berserker
    17 | D        | Noticed a meat berserker
    17 | D        | Noticed a meat berserker
    17 | D        | Killed a meat berserker
    17 | D        | Killed a meat berserker
    17 | D        | Reached XP level 16. HP: 183/183 MP: 1/29
    17 | D        | Killed a meat berserker
    17 | D        | Reached *** piety under Makhleb
    17 | D        | Reached XP level 17. HP: 191/191 MP: 1/31
    18 | D        | Noticed a meat berserker
    18 | D        | Noticed a meat berserker
    18 | D        | Noticed a meat berserker
    19 | D        | Noticed a large bag of meat
    19 | D        | Killed a meat berserker
    19 | D        | Reached skill level 27 in Axes
    19 | D        | Reached skill level 27 in Armour
    19 | D        | Reached skill level 27 in Dodging
    19 | D        | Reached skill level 27 in Invocations
    20 | D        | Noticed a destroyer
    21 | D        | Noticed a destroyer
    21 | D        | Noticed a meat berserker
    21 | D        | Noticed a meat berserker
    23 | D        | Noticed a meat berserker
    23 | D        | Killed a meat berserker
    23 | D        | Reached **** piety under Makhleb
    23 | D        | Reached XP level 18. HP: 200/200 MP: 3/34
    23 | D        | Reached skill level 15 in Unarmed Combat
    23 | D        | Reached skill level 10 in Spellcasting
    23 | D        | Killed a destroyer
    23 | D        | Reached XP level 19. HP: 207/207 MP: 3/35
    24 | D        | Noticed a meat berserker
    24 | D        | Noticed a meat berserker
    24 | D        | Killed a meat berserker
    24 | D        | Reached ***** piety under Makhleb
    24 | D        | Reached skill level 15 in Spellcasting
    25 | D        | Noticed a meat berserker
    25 | D        | Killed a meat berserker
    25 | D        | Reached XP level 20. HP: 216/216 MP: 3/40
    26 | D        | Noticed a meat berserker
    26 | D        | Noticed a meat berserker
    26 | D        | Noticed a large bag of meat
    27 | D        | Noticed a meat berserker
    28 | D        | Killed a meat berserker
    28 | D        | Reached skill level 27 in Unarmed Combat
    28 | D        | Reached XP level 21. HP: 224/224 MP: 4/44
    28 | D        | Reached skill level 27 in Throwing
    28 | D        | Reached ****** piety under Makhleb
    28 | D        | Reached skill level 27 in Stealth
    29 | D        | Reached skill level 27 in Spellcasting
    29 | D        | Reached XP level 22. HP: 233/233 MP: 4/52
    31 | D        | Reached XP level 23. HP: 240/240 MP: 4/53
    32 | D        | Noticed a destroyer
    33 | D        | Reached XP level 24. HP: 249/249 MP: 5/53
    36 | D        | Killed a large bag of meat
    36 | D        | Reached XP level 25. HP: 257/257 MP: 6/53
    37 | D        | Noticed a large bag of meat
    37 | D        | Noticed a destroyer
    39 | D        | Noticed a destroyer
    39 | D        | Noticed a destroyer
    39 | D        | Noticed a large bag of meat
    42 | D        | Noticed a destroyer
    42 | D        | Noticed a destroyer
    42 | D        | Noticed a destroyer
    43 | D        | Killed a destroyer
    45 | D        | Killed a destroyer
    45 | D        | Killed a destroyer
    45 | D        | Reached XP level 26. HP: 215/266 MP: 8/53
    45 | D        | Killed a destroyer
    48 | D        | Killed a destroyer
    48 | D        | Reached XP level 27. HP: 236/273 MP: 9/53
    48 | D        | Killed a large bag of meat
    50 | D        | Killed a destroyer
    51 | D        | Noticed a destroyer
    51 | D        | Killed a large bag of meat
    53 | D        | Noticed an accursed
    53 | D        | Noticed a tyrant
    54 | D        | Killed a large bag of meat
    55 | D        | Killed a destroyer
    59 | D        | Killed a tyrant
    61 | D        | Killed an accursed
    63 | D        | Noticed a dread
    66 | D        | Noticed a meat beast
    66 | D        | Killed a destroyer
    69 | D        | Killed a destroyer
    71 | D        | Killed a meat beast
    71 | D        | Noticed a meat beast
    72 | D        | Noticed a meat beast
    74 | D        | Noticed a dread
    75 | D        | Killed a dread
    76 | D        | Killed a meat beast
    77 | D        | Killed a meat beast
    87 | D        | Noticed a tyrant
    89 | D        | Noticed a large bag of meat
    89 | D        | Killed a dread
    90 | D        | Noticed a destroyer
    93 | D        | Noticed a meat beast
    93 | D        | Noticed an accursed
    97 | D        | Killed a meat beast
    97 | D        | Killed a large bag of meat
    99 | D        | Noticed a tyrant
   100 | D        | Killed a destroyer
   106 | D        | Noticed a tyrant
   106 | D        | Killed a tyrant
   111 | D        | Noticed a dread
   112 | D        | Noticed a meat beast
   112 | D        | Noticed a tyrant
   114 | D        | Noticed a meat beast
   116 | D        | Killed an accursed
   116 | D        | Noticed The Defiler
   117 | D        | Killed a meat beast
   120 | D        | Killed a tyrant
   120 | D        | Noticed a fleshlord
   121 | D        | Noticed a meat beast
   122 | D        | Killed a fleshlord
   122 | D        | Killed a dread
   123 | D        | Noticed an accursed
   123 | D        | Killed a tyrant
   124 | D        | Noticed a meat beast
   124 | D        | Noticed a fleshlord
   126 | D        | Noticed a dread
   126 | D        | Noticed a meat beast
   126 | D        | Noticed a dread
   126 | D        | Noticed The Captor
   126 | D        | HP: 10/273 [??? (8)]
   126 | D        | Killed from afar by an observer

Vault maps used:
D:        meatsprint

Skill      XL: |  1  2  3  4  5  6  7  8  9 10 11 12 13 14 15 16 17 18 19 20 21 |
---------------+----------------------------------------------------------------+-----
Fighting       | 19 21 23 26 27 | 27.0
Axes           | 14 16 17 20 21 25 26 27 | 27.0
Armour         | 14 16 17 19 20 24 26 27 | 27.0
Dodging        | 13 15 16 18 19 23 25 27 | 27.0
Invocations    | 12 13 15 17 18 21 23 27 | 27.0
Throwing       | 12 17 23 26 27 | 27.0
Stealth        | 11 16 21 25 27 | 27.0
Unarmed Combat | 13 19 24 27 | 27.0
Spellcasting   | 9 13 17 20 27 | 27.0

Action                   |  1- 3 |  4- 6 |  7- 9 | 10-12 | 13-15 | 16-18 | 19-21 | 22-24 | 25-27 || total
-------------------------+-------+-------+-------+-------+-------+-------+-------+-------+-------++-------
Melee: Executioner's axe |     1 |       |       |     1 |     2 |     2 |     4 |     6 |    62 ||    78
Invok: Major Destruction |       |       |       |       |       |       |       |       |     5 ||     5
       Greater Servant o |       |       |       |       |       |       |       |       |     2 ||     2
Armor: Leather armour    |       |       |       |       |       |       |       |       |     1 ||     1
Dodge: Dodged            |       |       |       |       |       |       |       |       |     8 ||     8
